 Dungeon Crawl Stone Soup version 0.29-a0-1006-g0dd7720b37 (webtiles) character file.

Game seed: 15821446981680800406

364 Conn the Firebug (level 6, 0/36 HPs)
             Began as an Octopode Fire Elementalist on Aug 6, 2022.
             Slain by a lemure (2 damage)
             ... led by Pikel
             ... on level 3 of the Dungeon.
             The game lasted 00:10:04 (4322 turns).

Conn the Firebug (Octopode Fire Elementalist)       Turns: 4322, Time: 00:10:05

Health: 0/36       AC:  1    Str:  6    XL:     6   Next: 67%
Magic:  6/11       EV: 12    Int: 17    God:
Gold:   47         SH:  9    Dex: 20    Spells: 3/12 levels left

rFire   . . .      SeeInvis .   d - +0 short sword (holy)
rCold   . . .      Faith    .   i - +0 kite shield {rPois}
rNeg    . . .      Spirit   .   (helmet restricted)
rPois   +          Reflect  .   (no amulet)
rElec   .          Harm     .   (no ring)
rCorr   .          Rampage  .   (no ring)
Will    .....                   (no ring)
Stlth   ++++......              (no ring)
HPRegen 0.12/turn               (no ring)
MPRegen 0.12/turn               (no ring)
                                (no ring)
                                (no ring)

@: very slightly contaminated
A: almost no armour, amphibious, 8 rings, camouflage 1, gelatinous body 1,
(nimble swimmer 1), tentacles, agile 2
a: no special abilities


You were on level 3 of the Dungeon.
You visited 1 branch of the dungeon, and saw 4 of its levels.

You collected 140 gold pieces.
You spent 93 gold pieces at shops.

Inventory:

Hand Weapons
 b - a +0 short sword
 d - a +0 short sword of holy wrath (weapon)
 h - a +1 flail of protection
Missiles
 p - 2 curare-tipped darts (quivered)
Armour
 g - a +0 buckler
 i - a +0 kite shield of poison resistance (worn)
Wands
 f - a wand of roots (2)
Scrolls
 c - 4 scrolls of identify {unknown}
 k - a scroll of enchant armour {unknown}
 m - a scroll of fear {unknown}
 n - a scroll of blinking {unknown}
 q - a scroll of teleportation {unknown}
Potions
 a - 2 potions of magic
 l - a potion of degeneration {unknown}
 o - a potion of haste {unknown}


   Skills:
 + Level 0.1 Fighting
 + Level 0.7 Short Blades
 + Level 2.1 Dodging
 + Level 3.3 Stealth
 * Level 1.3 Shields
 + Level 3.8 Spellcasting
 * Level 2.9 Conjurations
 + Level 4.8 Fire Magic


You had 3 spell levels left.
You knew the following spells:

 Your Spells              Type           Power      Damage    Failure   Level
a - Foxfire               Conj/Fire      64%        2x1d7     11%         1
b - Conjure Flame         Conj/Fire      16%        6-21      32%         3
c - Inner Flame           Hex/Fire       11%        N/A       52%         3
e - Scorch                Fire           38%        2d6       12%         2

Your spell library contained the following spells:

 Spells                   Type           Power      Damage    Failure   Level
 Flame Wave               Conj/Fire      16%        2d7       73%         4


Dungeon Overview and Level Annotations

Branches:
Dungeon (4/15)
 Temple: D:4-7

Altars:
Uskayaw

Shops:
D:3 ([(

Annotations:
D:4 Pikel


Innate Abilities, Weirdness & Mutations

You cannot wear most types of armour.
You are amphibious.
You can wear up to eight rings at the same time.
Your skin changes colour to match your surroundings (Stealth+).
Your rubbery body absorbs attacks. (AC +1, EV +1)
((You are camouflaged when in or above water. (Stealth+)))
You have tentacles for arms and can constrict up to eight enemies at once.
You are very agile. (Dex +8, Str/Int -2)


Message History

The lemure is moderately wounded.
The lemure's fire resistance burns away.
The lemure closely misses you. The lemure hits you!
* * * LOW HITPOINT WARNING * * *
Okay, then.
Okay, then.
Unknown command.
Unknown command.
The lemure attacks as you move away! The lemure hits you.
* * * LOW HITPOINT WARNING * * *
Okay, then.
Okay, then.
Okay, then.
As you read the scroll labelled GANAPNYLAWE, it crumbles to dust.
The creatures around you are filled with an inner flame!
It was a scroll of immolation.
The lemure closely misses you. The lemure barely misses you.
Casting: Scorch (safe; 10% risk of failure)
Confirm with . or Enter, or press ? or * to list all spells.
You conjure some foxfire!
The lemure closely misses you. x2
Your foxfire dissipates!
The lemure is no longer more vulnerable to fire.
The foxfire hits the lemure.
Flame seeps out of the lemure.
The lemure is lightly wounded.
The lemure is engulfed in blazing flames.
Flame seeps out of the lemure.
Okay, then.
Okay, then.
Okay, then.
Casting: Foxfire (safe; 10% risk of failure)
Confirm with . or Enter, or press ? or * to list all spells.
You miscast Foxfire.
You are very lightly contaminated with residual magic.
Nothing appears to happen.
The lemure hits you.
* * * LOW HITPOINT WARNING * * *
The lemure barely misses you.
It was a potion of mutation.
You feel extremely strange.
You feel agile. x2
The lemure hits you.
You die...

#.........# ###.##### #.#######.#
#........ #.#.......# #8..#####
#####'#.####..#####.#..#
#######....∩..#.....##.8.∩<8.#
..............##....#.......#####
######........##....#.###8###....
#........##.5..#.....# #....
######.####+#...@5..#.....# #....
.....#.##########.°.#.....# #....
####.#.##........)..#.....# #....
.....#.##.######....#.....# #....
.#####.##.# #..#.......###....
.#.....##.# #..#...#'#...'....
.#.######.# #..#####.#.###...)
.#........######........#.#.....#
.#..#####........########.#.###.#


You could see 2 lemures.

Vanquished Creatures
  Sigmund (D:3)
  A hound (D:4)
  An orc wizard (D:3)
  6 adders
  2 dart slugs (D:1)
  7 orcs
  6 endoplasms
  5 giant cockroaches
  7 goblins
  7 hobgoblins
  7 jackals
  3 quokkas
  3 ball pythons
  7 bats
  2 frilled lizards
  3 kobolds
  2 rats
70 creatures vanquished.

Vanquished Creatures (others)
  226 foxfires
226 creatures vanquished.

Grand Total: 296 creatures vanquished

Notes
Turn   | Place    | Note
-------+----------+-------------------------------------------
     0 | D:1      | Conn the Octopode Fire Elementalist began the quest for the
                  | Orb.
     0 | D:1      | Reached XP level 1. HP: 11/11 MP: 3/3
   239 | D:1      | Reached XP level 2. HP: 17/17 MP: 0/5
   368 | D:1      | Found a faded altar of an unknown god.
   862 | D:1      | Reached XP level 3. HP: 20/21 MP: 6/6
  1360 | D:2      | Reached skill level 4 in Fire Magic
  1436 | D:2      | Found a hide-covered altar of Uskayaw.
  1531 | D:2      | Reached XP level 4. HP: 27/27 MP: 3/7
  2206 | D:3      | Reached XP level 5. HP: 16/31 MP: 1/9
  2667 | D:3      | Found Ediwu Net's Armour Boutique.
  2672 | D:3      | Bought a +0 kite shield of poison resistance for 93 gold
                  | pieces
  2712 | D:3      | Found Pocw's Antique Weapon Shoppe.
  2720 | D:3      | Noticed Sigmund
  2732 | D:3      | Learned a level 2 spell: Scorch
  2736 | D:3      | Learned a level 3 spell: Conjure Flame
  2740 | D:3      | Learned a level 3 spell: Inner Flame
  2779 | D:3      | Killed Sigmund
  2780 | D:3      | Reached skill level 1 in Shields
  2780 | D:3      | Reached XP level 6. HP: 27/36 MP: 3/11
  2967 | D:3      | Found Afafaenn's Antique Weapon Emporium.
  4061 | D:4      | Noticed Pikel
  4322 | D:3      | Gained mutation: You are agile. (Dex +4, Str/Int -1)
                  | [potion of mutation]
  4322 | D:3      | Gained mutation: You are very agile. (Dex +8, Str/Int -2)
                  | [potion of mutation]
  4322 | D:3      | Slain by a lemure

Illustrated notes

Levels and vault maps discovered:
D:1:      lordsloth_arrival_two_stooges, layout_basic,
          ebering_ecumenical_altar_petrified, serial_aquarium,
          aquarium_bridge_square [aquarium_subvault_balcony,
          aquarium_subvault_wall, aquarium_subvault_bridge,
          aquarium_subvault_wall], aquarium_window_1, aquarium_window_3,
          aquarium_view_2d, aquarium_view_2b, aquarium_balcony_1b,
          minmay_misc_feat_diagonals
D:2:      layout_basic, basic_altar
D:3:      layout_basic, serial_shops, shop, shop, nicolae_shop_statue_plus,
          hangedman_decor_diamond_cutter, st_stairs_9,
          nicolae_concentric_dashed_squares_wild, grunt_ministairs_4,
          uniq_sigmund
D:4:      layout_cave_pools, minmay_temple_entry_fiery,
          nicolae_kite_square_tiling_tiny, uniq_pikel

Skill      XL: |  1  2  3  4  5 |
---------------+----------------+-----
Fire Magic     | 4 |  4.8
Stealth        | 3 |  3.3
Spellcasting   | 3 |  3.8
Shields        | 1 |  1.3
Conjurations   | 2 |  2.9
Fighting       | |  0.1
Short Blades   | |  0.7
Dodging        | |  2.1

Action                   |  1- 3 |  4- 6 || total
-------------------------+-------+-------++-------
Melee: Short sword       |    22 |    19 ||    41
       Constrict         |     7 |     4 ||    11
       Tentacles         |     3 |     4 ||     7
       Punch             |       |     1 ||     1
Throw: Dart              |       |     1 ||     1
 Cast: Foxfire           |    47 |    88 ||   135
       Scorch            |       |     5 ||     5
Evoke: Wand              |       |     2 ||     2
  Use: Scroll            |       |     1 ||     1
       Potion            |       |     1 ||     1
 Stab: Sleeping          |     5 |     2 ||     7
Armor: Skin              |     4 |       ||     4
Dodge: Dodged            |     7 |    26 ||    33
Block: Kite shield       |       |     2 ||     2

Table legend: (Time is in decaauts)
 A = Elapsed time spent in this place.
 B = Non-inter-level travel time spent in this place.
 C = Inter-level travel time spent in this place.
 D = Time resting spent in this place.
 E = Time spent auto-exploring this place.
 F = Levels seen in this place.
 G = Mean time per level.
                   A        B        C        D        E       F      G
               +--------+--------+--------+--------+--------+-----+--------+
         Total |   4327 |   4243 |     84 |    270 |   3002 |   4 | 1081.8 |
       Dungeon |   4327 |   4243 |     84 |    270 |   3002 |   4 | 1081.8 |
               +--------+--------+--------+--------+--------+-----+--------+

Top non-repeatable levels by time:
     D:3: 1917 daAuts
     D:1: 1118 daAuts
     D:2: 974 daAuts
     D:4: 317 daAuts
